 Dungeon Crawl Stone Soup version 0.25-a0-558-g78a2afb0af (webtiles) character file.

Game seed: 11860626471230373913, levelgen mode: deterministic

20034 Amnekian the Grappler (level 12, -4/122 HPs)
             Began as a Troll Chaos Knight on Feb 25, 2020.
             Was a Plaything of Xom.
             Killed by the air
             ... invoked by a wind drake
              (20 damage)
             ... on level 12 of the Dungeon.
             The game lasted 01:04:39 (11912 turns).

Amnekian the Grappler (Troll Chaos Knight)         Turns: 11912, Time: 01:04:39

Health: -4/122     AC:  9    Str: 23      XL:     12   Next: 41%
Magic:  13/13      EV: 13    Int:  6 (9)  God:    Xom [......]
Gold:   866        SH:  0    Dex: 12      Spells: 11/11 levels left

rFire    + . .     SeeInvis .     - Unarmed
rCold    . . .     Gourm    +   (no shield)
rNeg     . . .     Faith    .   y - +0 troll leather armour
rPois    +         Spirit   .   (helmet restricted)
rElec    .         Reflect  .   (no cloak)
rCorr    .         Harm     .   (gloves unavailable)
MR       .....                  (boots unavailable)
Stlth    +.........             G - amulet of regeneration
HPRegen  1.50/turn              L - ring of wizardry
MPRegen  0.13/turn              o - ring of poison resistance

@: no status effects
A: large, unfitting armour, claws 3, blurry vision 1, deterioration 1, fire
resistance 1, fast metabolism 3, gourmand, regeneration 1, screaming 1, shaggy
fur 1, tough skin 3
a: Renounce Religion


You were on level 12 of the Dungeon.
You worshipped Xom.
You were a very special plaything of Xom.
You were very full.

You visited 3 branches of the dungeon, and saw 15 of its levels.

You collected 866 gold pieces.

Inventory:

Hand Weapons
 m - a +1 hunting sling
 U - a +0 giant spiked club
Missiles
 f - 442 stones
 r - 4 datura-tipped darts
 s - 4 boomerangs
 t - 35 poisoned darts (quivered)
 F - 6 atropa-tipped darts
 P - 2 curare-tipped darts
 Q - 6 javelins
Armour
 a - a +2 robe
 v - a +2 robe of magic resistance
 y - a +0 troll leather armour (worn)
 R - the cursed +1 robe of Whack-A-Mole {-Cast rElec rPois MR+}
   (You took it off a crimson imp on level 12 of the Dungeon)

   It insulates you from electricity.
   It protects you from poison.
   It affects your resistance to hostile enchantments.
   It prevents spellcasting.
   If you switch to wearing this armour, your AC will decrease by 2 (9 -> 7).
   It has a curse placed upon it.
Magical Staves
 S - an uncursed staff of air
Jewellery
 e - an uncursed ring of protection from cold {unknown}
 j - a +3 ring of protection
 o - a ring of poison resistance (right claw)
 D - an uncursed ring of attention
 G - an amulet of regeneration (around neck)
 L - a ring of wizardry (left claw)
 T - an uncursed ring of magical power {unknown}
Wands
 H - a wand of random effects (29)
 J - a wand of digging (4)
Scrolls
 c - 13 scrolls of identify
 d - 4 scrolls of remove curse
 h - 6 scrolls of enchant armour
 n - a scroll of noise
 p - 4 scrolls of teleportation
 q - a scroll of brand weapon {unknown}
 A - 6 scrolls of amnesia
 K - 2 scrolls of fear
 M - a scroll of acquirement {unknown}
 O - a scroll of fog
Potions
 g - 6 potions of curing
 i - a potion of ambrosia
 k - 3 potions of heal wounds
 l - a potion of degeneration {unknown}
 w - a potion of magic
 x - 4 potions of might
 z - 3 potions of berserk rage
 B - a potion of mutation {unknown}
 C - a potion of lignification {unknown}
 E - a potion of invisibility {unknown}
 I - a potion of haste {unknown}
 N - a potion of cancellation {unknown}
Miscellaneous
 u - a tin of tremorstones
Comestibles
 b - 22 rations


   Skills:
 - Level 8.9 Fighting
 - Level 1.2 Throwing
 - Level 6.0 Armour
 - Level 7.1 Dodging
 * Level 13.5 Unarmed Combat
 - Level 3.7 Evocations


You had 11 spell levels left.
You didn't know any spells.
Your spell library contained the following spells:

 Spells                   Type           Power        Failure   Level  Hunger
 Corona                   Hex            #......      22%         1    ##.....
 Foxfire                  Conj/Fire      #...         22%         1    ##.....
 Ensorcelled Hibernation  Hex/Ice        #.....       32%         2    ###....
 Confusing Touch          Hex            #.......     52%         3    ####...
 Conjure Flame            Conj/Fire      #.......     52%         3    ####...
 Dazzling Flash           Conj/Hex       #.....       52%         3    ####...
 Inner Flame              Hex/Fire       #.......     52%         3    ####...
 Tukima's Dance           Hex            #.......     52%         3    ####...
 Sticky Flame             Conj/Fire      #.......     89%         4    #####..
 Fireball                 Conj/Fire      #.........   99%         5    ######.


Dungeon Overview and Level Annotations

Branches:
Dungeon (13/15)            Temple (1/1) D:5            Lair (1/6) D:8
    Orc (0/2) D:9
 Vaults: D:13-14

Altars:
Ashenzari
Cheibriados
Dithmenos
Elyvilon
Fedhas
Gozag
Hepliaklqana
Kikubaaqudgha
Makhleb
Nemelex Xobeh
Okawaru
Qazlal
Ru
Sif Muna
Trog
Uskayaw
Vehumet
Wu Jian
Xom
Yredelemnul
Zin
The Shining One

Shops:
D:2 *

Annotations:
D:8 Joseph


Innate Abilities, Weirdness & Mutations

You are too large for most types of armour.
You have claws for hands.
Your metabolism is lightning-fast.
You like to eat raw meat.
Your natural rate of healing is unusually fast.
You are covered in fur. (AC +1)
You have extremely tough skin. (AC +3)
Scrolls take you a little longer to read.
Your body sometimes deteriorates upon taking damage.
Your flesh is heat resistant. (rF+)
You occasionally shout uncontrollably at your foes.


Message History

Your body deteriorates!
You feel dopey. The wind drake flaps its wings at you.
The air twists around and strikes you!!
Your body deteriorates!
You feel dopey.
Your cleaving frenzy subsides.
The wind drake flaps its wings at you. The air twists around and strikes you!
* * * LOW HITPOINT WARNING * * *
Your body deteriorates!
You feel dopey.
The vampire gestures wildly while chanting.
The vampire flickers and vanishes!
Deactivating autopickup; reactivate with Ctrl-A.
The wind drake flaps its wings at you. The air twists around and strikes you!
* * * LOW HITPOINT WARNING * * *
You see here a leather armour.
The wind drake flaps its wings at you. The air twists around and strikes you!!
You die...
Xom is highly amused!

.......# #..# .......#
#..#
.......#######..#######
......................#
......................#
#######..######.......#
# #..# #.......# # #..#
#.>.....# # #..#
#)@....<#
#######..######.[.....#
......................#
......................#
................#######
................#
......†.........#
...........#k#..#
...........#{#..#


You could see a wind drake.

Vanquished Creatures
  A hydra (D:11)
  5 two-headed ogres
  2 centaur warriors
  A tengu warrior (D:13)
  An unseen horror (D:12)
  Pikel (D:5)
  2 ugly things
  A deep elf mage (D:12)
  2 manticores
  A gargoyle (D:10)
  A redback zombie (D:13)
  A troll (D:10)
  Grinder (D:6)
  A hornet (D:3)
  3 hippogriffs
  16 yaks
  2 shadows (D:12)
  A basilisk (D:12)
  4 vampire mosquitoes (D:12)
  A soldier ant (D:9)
  A water moccasin (D:11)
  8 sky beasts
  4 orc warriors
  2 ice beasts
  A black bear (D:6)
  A phantom (D:11)
  A centaur (D:12)
  7 ogres
  A crocodile (D:11)
  A big kobold (D:10)
  5 bullfrogs
  2 scorpions
  A wyvern skeleton (D:9)
  5 howler monkeys
  8 wights
  4 crimson imps
  3 quasits
  3 bullfrog zombies
  A centaur zombie (D:9)
  9 orc priests
  2 jellies
  2 bullfrog skeletons
  3 hounds
  2 iguanas
  5 centaur skeletons
  Ijyb (D:5)
  24 orc wizards
  6 worker ants
  A killer bee zombie (D:7)
  A hound zombie (D:9)
  4 hound skeletons
  15 adders
  4 gnolls (D:9)
  A shadow imp (D:6)
  An ooze (D:5)
  An adder zombie (D:7)
  3 worms
  3 dart slugs
  5 leopard geckos
  45 orcs
  7 bats
  7 giant cockroaches
  11 goblins
  7 hobgoblins
  9 jackals
  5 quokkas
  2 ball pythons
  6 frilled lizards
  18 kobolds
  A quokka skeleton (D:8)
  11 rats
329 creatures vanquished.

Vanquished Creatures (collateral kills)
  A tengu warrior (D:13)
  A yak (D:11)
2 creatures vanquished.

Vanquished Creatures (others)
  A crimson imp (D:5)
1 creature vanquished.

Grand Total: 332 creatures vanquished

Notes
Turn   | Place    | Note
-------+----------+-------------------------------------------
     0 | D:1      | Amnekian the Troll Chaos Knight began the quest for the
                  | Orb.
     0 | D:1      | Reached XP level 1. HP: 22/22 MP: 0/0
    92 | D:1      | Reached XP level 2. HP: 29/29 MP: 1/1
   207 | D:1      | XOM: mild Tloc miscast
   602 | D:2      | Reached skill level 4 in Unarmed Combat
   602 | D:2      | Reached XP level 3. HP: 30/36 MP: 2/2
   715 | D:2      | Noticed a scorpion
   720 | D:3      | XOM: stat loss: -1 Dex (9/10)
   857 | D:3      | XOM: severe Conj miscast
   903 | D:3      | XOM: 2-stop teleportation journey
   937 | D:2      | Found Gozag's Platinum Reserve.
   940 | D:2      | Found an opulent altar of Gozag.
  1001 | D:2      | XOM: 1-stop teleportation journey
  1012 | D:2      | Reached XP level 4. HP: 36/44 MP: 3/3
  1113 | D:2      | Noticed a shapeshifter
  1113 | D:2      | a frilled lizard changed into a shapeshifter
  1113 | D:2      | XOM: polymorph frilled lizard -> shapeshifter
  1113 | D:2      | Noticed a spriggan
  1113 | D:2      | a shapeshifter changed into a spriggan
  1117 | D:2      | XOM: harmless Summ miscast
  1122 | D:2      | XOM: 4-stop teleportation journey
  1126 | D:2      | XOM: enchant monster (good)
  1233 | D:2      | Reached skill level 5 in Unarmed Combat
  1237 | D:2      | Reached XP level 5. HP: 35/50 MP: 4/4
  1601 | D:2      | XOM is BORED!
  1671 | D:3      | Noticed a hornet
  1677 | D:3      | Killed a hornet
  1677 | D:3      | Reached XP level 6. HP: 46/63 MP: 5/5
  2202 | D:3      | Found a bloodstained altar of Trog.
  2256 | D:3      | XOM: god gift: 4 datura-tipped darts
  2386 | D:4      | Found a hide-covered altar of Uskayaw.
  2457 | D:4      | Found a sparkling altar of Nemelex Xobeh.
  2801 | D:5      | Entered Level 5 of the Dungeon
  2840 | D:5      | Noticed Edmund
  2847 | D:5      | Noticed Edmund
  2847 | D:5      | Edmund changed into Edmund the ooze
  2847 | D:5      | XOM: polymorph Edmund -> Edmund the ooze
  2851 | D:5      | Killed Edmund the ooze
  3074 | D:3      | XOM: give mutations
  3074 | D:3      | Gained mutation: You are weak. (Str -2) [Xom's mischief]
  3074 | D:3      | Gained mutation: Armour fits poorly on your strangely
                  | shaped body. [Xom's mischief]
  3656 | D:5      | Found a bloodstained altar of Trog.
  3696 | D:5      | Found a staircase to the Ecumenical Temple.
  3704 | Temple   | Entered the Ecumenical Temple
  3706 | Temple   | XOM is BORED!
  3706 | Temple   | XOM: severe Hex miscast
  3890 | D:5      | Reached XP level 7. HP: 62/71 MP: 6/6
  3953 | D:5      | Noticed Pikel
  3969 | D:5      | Killed Pikel
  3969 | D:5      | Reached skill level 5 in Dodging
  3969 | D:5      | Reached XP level 8. HP: 50/79 MP: 7/7
  4097 | D:5      | Reached skill level 1 in Throwing
  4203 | D:5      | XOM: harmless Air miscast
  4453 | D:5      | XOM: give mutations
  4453 | D:5      | Gained mutation: You have a pair of small horns on your
                  | head. [Xom's mischief]
  4453 | D:5      | Lost mutation: You are weak. (Str -2) [Xom's mischief]
  4493 | D:5      | Noticed Ijyb
  4639 | D:5      | Killed Ijyb
  4774 | D:5      | Found an ancient bone altar of Kikubaaqudgha.
  4775 | D:5      | Found a radiant altar of Vehumet.
  4775 | D:5      | Found a glowing silver altar of Zin.
  4777 | D:5      | Found a snail-covered altar of Cheibriados.
  4780 | D:5      | Found a white marble altar of Elyvilon.
  4881 | D:6      | Found a hazy altar of Hepliaklqana.
  5036 | D:7      | XOM: medium Tloc miscast
  5244 | D:6      | XOM: potion effect (invisibility)
  5249 | D:6      | Reached skill level 5 in Fighting
  5249 | D:6      | Reached skill level 6 in Unarmed Combat
  5372 | D:6      | XOM: harmless Erth miscast
  5467 | D:6      | XOM: scenery: create altars
  5559 | D:6      | Noticed Grinder
  5559 | D:6      | XOM: divination: detect items
  5565 | D:6      | XOM: divination: magic mapping
  5570 | D:6      | Killed Grinder
  5570 | D:6      | Reached XP level 9. HP: 64/88 MP: 8/8
  5977 | D:7      | Reached skill level 7 in Unarmed Combat
  5977 | D:7      | XOM: cast spell 'Ring of Flames'
  6064 | D:7      | XOM: confuse monster(s)
  6133 | D:7      | XOM: harmless Fire miscast
  6136 | D:7      | XOM: confuse monster(s)
  6293 | D:8      | XOM: harmless Tloc miscast
  6447 | D:9      | Reached skill level 8 in Unarmed Combat
  6519 | D:8      | Noticed a two-headed ogre
  6524 | D:8      | XOM: confuse monster(s)
  6541 | D:8      | XOM: cast spell 'Ring of Flames'
  6637 | D:9      | Identified the +3 long sword of Gin and Tonic {vorpal,
                  | Str+5}
  6649 | D:9      | XOM: smoke on damage
  6744 | D:9      | Found a staircase to the Orcish Mines.
  6774 | D:9      | XOM: give mutation
  6774 | D:9      | Gained mutation: Your muscles are strong. (Str +2) [Xom's
                  | grace]
  7065 | D:9      | XOM: cloud trail
  7254 | D:10     | Entered Level 10 of the Dungeon
  7264 | D:10     | Noticed a troll
  7283 | D:10     | Reached XP level 10. HP: 91/102 MP: 9/9
  7295 | D:10     | Reached skill level 9 in Unarmed Combat
  7297 | D:10     | XOM: cleaving
  7355 | D:10     | XOM: god gift: wand of digging (4)
  7358 | D:10     | XOM: 1-stop teleportation journey
  7363 | D:10     | Noticed a gargoyle
  7372 | D:10     | XOM: chaos upgrade
  7404 | D:11     | XOM: blink monster(s)
  7446 | D:11     | XOM: 4-stop teleportation journey
  7453 | D:11     | XOM: smoke on damage
  7458 | D:11     | XOM: harmless Hex miscast
  7475 | D:11     | XOM: summons 5 hostile demons
  7485 | D:11     | XOM: summons friendly shadow imp
  7502 | D:11     | XOM: fake destruction
  7536 | D:11     | XOM: summons 2 friendly demons
  7537 | D:11     | Reached skill level 10 in Unarmed Combat
  7562 | D:11     | XOM: give mutations
  7562 | D:11     | Gained mutation: You occasionally shout uncontrollably at
                  | your foes. [Xom's mischief]
  7562 | D:11     | Gained mutation: Your flesh is heat resistant. (rF+) [Xom's
                  | mischief]
  7562 | D:11     | Lost mutation: Armour fits poorly on your strangely shaped
                  | body. [Xom's mischief]
  7562 | D:11     | Gained mutation: Your body sometimes deteriorates upon
                  | taking damage. [Xom's mischief]
  7620 | D:9      | XOM: medium Ice miscast
  7980 | D:8      | Found a sacrificial altar of Ru.
  7987 | D:8      | Found a staircase to the Lair.
  7997 | Lair:1   | Entered Level 1 of the Lair of Beasts
  8021 | D:8      | XOM: 3-stop teleportation journey
  8093 | D:8      | Found an iron altar of Okawaru.
  8105 | D:8      | Found an ornate altar of the Wu Jian Council.
  8114 | D:8      | Found a shattered altar of Ashenzari.
  8131 | D:8      | Noticed Joseph
  8132 | D:8      | XOM: give mutations
  8132 | D:8      | Lost mutation: You have a pair of small horns on your head.
                  | [Xom's mischief]
  8132 | D:8      | Gained mutation: Scrolls take you a little longer to read.
                  | [Xom's mischief]
  8132 | D:8      | Lost mutation: Your muscles are strong. (Str +2) [Xom's
                  | mischief]
  8300 | D:10     | Killed a gargoyle
  8307 | D:10     | XOM: 1-stop teleportation journey
  8315 | D:10     | Reached skill level 1 in Armour
  8321 | D:10     | XOM: chaos cloud
  8322 | D:10     | XOM: 1-stop teleportation journey
  8330 | D:10     | XOM: 2-stop teleportation journey
  8346 | D:10     | XOM: summons 3 hostile demons
  8460 | D:10     | Reached XP level 11. HP: 113/113 MP: 10/10
  8510 | D:10     | XOM: harmless Hex miscast
  8569 | D:10     | XOM: silly message
  8831 | D:10     | Noticed a two-headed ogre
  8835 | D:10     | XOM: potion effect (brilliance)
  8838 | D:10     | XOM: silly message
  8841 | D:10     | XOM: harmless Chrm miscast
  8880 | D:10     | XOM: enchant monster (good)
  8905 | D:10     | Killed a two-headed ogre
  9181 | D:11     | Noticed a brown ugly thing
  9181 | D:11     | Noticed a two-headed ogre
  9205 | D:10     | XOM: enchant monster (bad)
  9224 | D:10     | XOM: harmless Tmut miscast
  9254 | D:10     | XOM: noise
  9260 | D:10     | XOM: noise
  9294 | D:10     | XOM: cast spell 'Ring of Flames'
  9297 | D:10     | XOM: confuse monster(s)
  9298 | D:10     | Killed a brown ugly thing
  9298 | D:10     | Reached skill level 5 in Armour
  9350 | D:11     | XOM: medium Fire miscast
  9391 | D:11     | XOM: scenery: 2 doors open
  9428 | D:11     | XOM: harmless Summ miscast
  9680 | D:11     | XOM: harmless Chrm miscast
  9884 | D:12     | Noticed a two-headed ogre
  9894 | D:12     | XOM: summons friendly crimson imp
  9953 | D:11     | XOM: mild Ice miscast
  9956 | D:12     | XOM: enchant monster (bad)
 10226 | D:12     | XOM: harmless Tloc miscast
 10231 | D:12     | Reached skill level 1 in Evocations
 10251 | D:12     | XOM: enchant monster (bad)
 10345 | D:12     | Identified the cursed +1 robe of Whack-A-Mole {-Cast rElec
                  | rPois MR+}
 10362 | D:12     | Noticed a deep elf mage
 10363 | D:12     | Noticed a four-headed hydra
 10369 | D:13     | Noticed a two-headed ogre
 10373 | D:13     | XOM: polymorph crimson imp -> quasit
 10377 | D:13     | XOM: harmless Air miscast
 10378 | D:13     | XOM: summons friendly crimson imp
 10381 | D:13     | Killed a two-headed ogre
 10480 | D:12     | XOM: divination: detect creatures
 10481 | D:12     | XOM: potion effect (haste)
 10484 | D:12     | XOM: summons friendly iron imp
 10498 | D:11     | XOM: confusion (+ monsters)
 10571 | D:11     | XOM: cast spell 'Olgreb's Toxic Radiance'
 10574 | D:11     | Killed a two-headed ogre
 10761 | D:12     | Found a burning altar of Makhleb.
 10802 | D:13     | Reached skill level 11 in Unarmed Combat
 10806 | D:13     | Noticed a two-headed ogre
 10808 | D:13     | Noticed a centaur warrior
 10826 | D:12     | XOM: summons friendly quasit
 10827 | D:12     | Killed a two-headed ogre
 10879 | D:13     | XOM: cast spell 'Call Canine Familiar'
 10884 | D:13     | Killed a centaur warrior
 10901 | D:13     | Noticed a tengu warrior
 10902 | D:13     | Noticed a tengu warrior
 10909 | D:13     | XOM: cast spell 'Call Canine Familiar'
 10910 | D:13     | Killed a tengu warrior
 10914 | D:13     | XOM: mild Necr miscast
 10919 | D:13     | XOM: fake destruction
 10921 | D:13     | XOM: 4-stop teleportation journey
 10969 | D:13     | Killed a tengu warrior
 10969 | D:13     | Reached skill level 12 in Unarmed Combat
 10969 | D:13     | Reached XP level 12. HP: 67/122 MP: 13/13
 11041 | D:13     | XOM: 1-stop teleportation journey
 11070 | D:13     | XOM: scenery: 3 doors open, 1 doors close
 11296 | D:11     | XOM: cast spell 'Ring of Flames'
 11300 | D:11     | Killed a four-headed hydra
 11407 | D:12     | XOM: divination: detect items
 11501 | D:11     | XOM: divination: detect items
 11516 | D:11     | Killed a two-headed ogre
 11603 | D:11     | Reached skill level 13 in Unarmed Combat
 11877 | D:12     | XOM: fog
 11880 | D:12     | Noticed a centaur warrior
 11880 | D:12     | Noticed an ogre mage
 11894 | D:12     | XOM: cleaving
 11895 | D:12     | Killed a centaur warrior
 11904 | D:12     | XOM: polymorph troll -> wind drake
 11912 | D:12     | Killed from afar by a wind drake

Levels and vault maps discovered:
D:1:      psy_arrival_dodecagon, layout_basic
D:2:      minmay_chambers_of_twos, layout_loops_ring,
          nicolae_gozag_zags_fifth_avenue
D:3:      layout_basic, trog_book
D:4:      layout_gridville, nemelex_xobeh_ov_fountains_minmay,
          old_standard_altar, first_ration
D:5:      layout_layer_cave, minitemple, minmay_temple_entry_arrows,
          uniq_edmund, uniq_ijyb, uniq_pikel
D:6:      layout_basic, minivault_19, lemuel_statue_altar, uniq_grinder
D:7:      layout_rooms
D:8:      layout_layer_cave, nicolae_ru_awakened_eye,
          gammafunk_temple_overflow_forgotten, lair_entry_dummy,
          hangedman_pestilent_swarm, minmay_diced_spiral, uniq_joseph
D:9:      layout_irregular_city, orc_0_dummy, serial_column_ruins,
          column_ruins_grid_1, column_ruins_grid_3,
          column_ruins_open_small_water, column_ruins_open_medium,
          column_ruins_open_tiny_water
D:10:     layout_long_grid
D:11:     layout_roguey
D:12:     minmay_the_grid_triangle_9x9_recursive_2_mashed
          [minmay_the_grid_triangle_9x9_prize_insulated,
          minmay_the_grid_triangle_9x9_shrine,
          minmay_the_grid_triangle_9x9_alien,
          minmay_the_grid_triangle_9x9_cache], layout_small_grid
D:13:     layout_loops_corners
Temple:   jpeg_temple_island
Lair:1:   minmay_lair_venomous_thicket, layout_regular_city,
          infiniplex_staircase_pool

Skill      XL: |  1  2  3  4  5  6  7  8  9 10 11 12 |
---------------+-------------------------------------+-----
Dodging        | 2 3 5 7 |  7.1
Unarmed Combat | 4 5 6 8 10 12 13 | 13.5
Fighting       | 4 5 7 8 |  8.9
Throwing       | 1 |  1.2
Armour         | 3 6 |  6.0
Evocations     | 3 |  3.7

Action                   |  1- 3 |  4- 6 |  7- 9 | 10-12 || total
-------------------------+-------+-------+-------+-------++-------
Melee: Unarmed           |   139 |   162 |   308 |   493 ||  1102
       Punch             |       |     7 |     5 |    34 ||    46
       Headbutt          |       |       |    45 |    31 ||    76
       Giant spiked club |       |       |       |     4 ||     4
Throw: Stone             |     2 |     5 |    11 |     5 ||    23
       Dart              |       |     6 |     3 |     9 ||    18
  Use: Potion            |       |       |     4 |     2 ||     6
       Scroll            |       |       |     6 |     4 ||    10
 Stab: Sleeping          |       |       |     2 |     1 ||     3
       Confused          |       |       |     1 |       ||     1
  Eat: Chunk             |    15 |    19 |    32 |    48 ||   114
Armor: Robe              |    83 |    48 |    76 |    20 ||   227
       Troll leather arm |       |       |       |   193 ||   193
Dodge: Dodged            |    94 |    71 |   167 |   294 ||   626

Table legend:
 A = Non-vault XP
 B = Vault XP
 C = Vault XP percentage of total XP
 D = Non-vault monster count
 E = Vault monster count
 F = Vault count percentage of total count
                 A         B        C        D         E       F
            +---------+---------+-------+---------+---------+-------
      Total |   24191 |    4430 |  15.5 |     310 |      21 |   6.3
            +---------+---------+-------+---------+---------+-------
        D:1 |      29 |       0 |   0.0 |      19 |       0 |   0.0
        D:2 |     155 |      25 |  13.9 |      28 |       8 |  22.2
        D:3 |     363 |       0 |   0.0 |      24 |       0 |   0.0
        D:4 |     112 |       0 |   0.0 |      12 |       0 |   0.0
        D:5 |     364 |     706 |  66.0 |      17 |       3 |  15.0
        D:6 |     767 |     286 |  27.2 |      23 |       1 |   4.2
        D:7 |    1087 |       0 |   0.0 |      25 |       0 |   0.0
        D:8 |     702 |       0 |   0.0 |      13 |       0 |   0.0
        D:9 |    1272 |      40 |   3.0 |      25 |       1 |   3.8
       D:10 |    5414 |       0 |   0.0 |      46 |       0 |   0.0
       D:11 |    4549 |    1651 |  26.6 |      25 |       3 |  10.7
       D:12 |    4942 |    1722 |  25.8 |      36 |       5 |  12.2
       D:13 |    4435 |       0 |   0.0 |      17 |       0 |   0.0
            +---------+---------+-------+---------+---------+-------
